 Dungeon Crawl Stone Soup version 0.30-a0-639-g3916f1956a (webtiles) character file.

Game seed: 9924666904559001585

121 Lobster4 the Shooter (level 4, 0/36 HPs)
             Began as a Minotaur Hunter on Jan 15, 2023.
             Succumbed to a killer bee's poison
             ... on level 3 of the Dungeon.
             The game lasted 00:06:09 (2564 turns).

Lobster4 the Shooter (Minotaur Hunter)              Turns: 2564, Time: 00:06:10

Health: 0/36       AC:  6    Str: 13 (16) XL:     4   Next: 77%
Magic:  3/3        EV: 11    Int:  5 (6)  God:
Gold:   196        SH:  0    Dex: 10 (13) Spells: 3/3 levels left

rFire   . . .      SeeInvis .    a - +0 shortbow
rCold   . . .      Faith    .    (shield currently unavailable)
rNeg    . . .      Spirit   .    m - +0 ring mail
rPois   .          Reflect  .    (helmet restricted)
rElec   .          Harm     .    (no cloak)
rCorr   .          Rampage  .    (no gloves)
Will    .....                    k - +0 pair of boots
Stlth   +                        (no amulet)
HPRegen 0.26/turn                (no ring)
MPRegen 0.08/turn                (no ring)

@: brilliant, lethally poisoned (0 -> -1)
A: horns 2, retaliatory headbutt, hooves 1, clumsy 1, frail 1
a: no special abilities


You were on level 3 of the Dungeon.
You visited 1 branch of the dungeon, and saw 4 of its levels.

You collected 196 gold pieces.

Inventory:

Hand Weapons
 a - a +0 shortbow (weapon)
 h - a +0 mace
 u - a +0 sling
Armour
 c - a +0 leather armour
 k - a +0 pair of boots (worn)
 m - a +0 ring mail (worn)
Scrolls
 b - a scroll of immolation
 g - 2 scrolls of amnesia {unknown}
 j - a scroll of fear {unknown}
 o - a scroll of torment {unknown}
 s - a scroll of enchant armour {unknown}
 t - a scroll of noise {unknown}
Potions
 d - a potion of flight
 f - a potion of invisibility
 p - a potion of brilliance


   Skills:
 + Level 3.6 Fighting
 + Level 5.1 Ranged Weapons
 + Level 2.3 Armour
 + Level 3.3 Dodging
 - Level 1.0 Stealth


You had 3 spell levels left.
You didn't know any spells.
Your spell library contained the following spells:

 Spells                   Type           Power      Damage    Failure   Level
 Slow                     Hex            0%         N/A       75%         1
 Confusing Touch          Hex            0%         N/A       98%         3
 Frozen Ramparts          Ice            0%         1d1       98%         3
 Vampiric Draining        Necr           0%         2d6       98%         3
 Ice Form                 Ice/Tmut       0%         N/A       100%        4
 Summon Ice Beast         Ice/Summ       0%         N/A       100%        4


Dungeon Overview and Level Annotations

Branches:
Dungeon (4/15)
 Temple: D:4-7

Altars:
Ashenzari
Kikubaaqudgha

Shops:
D:1 *


Innate Abilities, Weirdness & Mutations

You have a pair of horns on your head.
You reflexively headbutt those who attack you in melee.
You have large cloven feet.
You are clumsy. (Dex -2)
You are frail. (-10% HP)


Message History

The killer bee is moderately wounded.
The killer bee barely misses you. x2
You shoot an arrow. The arrow barely misses the killer bee.
The arrow completely misses the killer bee.
The arrow hits the kobold!
You kill the kobold!
The killer bee barely misses you. The killer bee stings you.
You are poisoned.
The killer bee poisons you! The killer bee stings you!
* * * LOW HITPOINT WARNING * * *
Blink to where?
Press: ? - help, Dir - move target, p - killer bee
Found 10 gold pieces.
As you read the scroll of blinking, it crumbles to dust.
* * * LOW HITPOINT WARNING * * *
You feel sick.
It was a potion of degeneration.
There was something very wrong with that liquid.
You feel weakened.
You feel dopey.
You feel clumsy.
* * * LOW HITPOINT WARNING * * *
You feel sick.
Blink to where?
Press: ? - help, Dir - move target
As you read the scroll of blinking, it crumbles to dust.
* * * LOW HITPOINT WARNING * * *
You feel sick.
* * * LOW HITPOINT WARNING * * *
You feel sick.
You climb upwards.
* * * LOW HITPOINT WARNING * * *
You feel sick.
There is a stone staircase leading down here.
There is a lethal amount of poison in your body!
There is a lethal amount of poison in your body!
There is a lethal amount of poison in your body!
* * * LOW HITPOINT WARNING * * *
You feel sick.
Okay, then.
Okay, then.
You die...

#.# #.######.########.#..##.#.#
#.## #.######.# #.#..##.#.# #..#
#........## #.#.....#.# ##.#
#######...## #.......#.# ###.##
##.....## ###.##.##.# #....##
##.......## ##........#
#.....####.........####...##.####
.........'......!).'.......#.#
...#..####......@..####...##.##
......# ##.......## ##.##...##
#...### ##.....## ###.....# #...#
##.).## #.....# ##.## ##'##
#.....# #.###### #.# #....##
#.##...# #.# #.#### #.##...#
##.###########.#
#.##...#####...#.......##.#


There were no monsters in sight!

Vanquished Creatures
  A hound (D:3)
  2 adders (D:2)
  2 worms
  3 dart slugs
  6 orcs (D:3)
  5 endoplasms
  A giant cockroach (D:2)
  4 goblins
  8 hobgoblins
  3 jackals (D:3)
  4 kobolds
  2 quokkas
  2 ball pythons
  3 bats
  4 frilled lizards
  5 rats
55 creatures vanquished.

Notes
Turn   | Place    | Note
-------+----------+-------------------------------------------
     0 | D:1      | Lobster4 the Minotaur Hunter began the quest for the Orb.
     0 | D:1      | Reached XP level 1. HP: 18/18 MP: 0/0
   304 | D:1      | Reached skill level 1 in Stealth
   331 | D:1      | Found Gapimp's General Store.
   390 | D:1      | Reached XP level 2. HP: 25/25 MP: 1/1
   581 | D:1      | Reached skill level 1 in Armour
   930 | D:2      | Reached XP level 3. HP: 9/30 MP: 2/2
  1202 | D:2      | Found a broken altar of Ashenzari.
  1864 | D:3      | Found an ancient bone altar of Kikubaaqudgha.
  2068 | D:3      | Reached XP level 4. HP: 38/38 MP: 3/3
  2376 | D:3      | Reached skill level 5 in Ranged Weapons
  2547 | D:4      | Gained mutation: You are frail. (-10% HP) [potion of
                  | mutation]
  2547 | D:4      | Gained mutation: You are clumsy. (Dex -2) [potion of
                  | mutation]
  2547 | D:4      | Gained mutation: You have large cloven feet. [potion of
                  | mutation]
  2562 | D:3      | HP: 1/36 [poisoned by a killer bee]
  2564 | D:3      | Succumbed to a killer bee's poison

Illustrated notes

Levels and vault maps discovered:
D:1:      evilmike_arrival_plus, layout_loops_ring, serial_co_window_serial,
          co_window_paths_a, co_window_paths_a, co_window_paths_a,
          co_window_corner_a, co_window_corner_a, co_window_of_opportunity_b,
          co_window_broadway_a, co_window_cross_4, co_window_corner_b,
          co_window_broadway_c, co_window_of_opportunity_c, glass_columns_a,
          glass_columns_b, serial_shops, nicolae_shop_behind_doors
D:2:      layout_basic, basic_altar
D:3:      layout_loops_corners, kiku_gazebo_pond_becter, hex_large
D:4:      layout_basic, nicolae_ossuary_entry_ruins, glass_columns_a,
          kennysheep_generic_room_10

Skill      XL: |  1  2  3  4 |
---------------+-------------+-----
Stealth        | 1 |  1.0
Armour         | 1 2 |  2.3
Fighting       | 3 |  3.6
Dodging        | 3 |  3.3
Ranged Weapons | 5 |  5.1

Action                   |  1- 3 |  4- 6 || total
-------------------------+-------+-------++-------
 Fire: Shortbow          |   103 |    53 ||   156
  Use: Scroll            |     3 |     5 ||     8
       Potion            |       |     4 ||     4
Armor: Leather armour    |     9 |       ||     9
       Ring mail         |       |     9 ||     9
Dodge: Dodged            |    18 |    39 ||    57

Table legend: (Time is in decaauts)
 A = Elapsed time spent in this place.
 B = Non-inter-level travel time spent in this place.
 C = Inter-level travel time spent in this place.
 D = Time resting spent in this place.
 E = Time spent auto-exploring this place.
 F = Levels seen in this place.
 G = Mean time per level.
                   A        B        C        D        E       F      G
               +--------+--------+--------+--------+--------+-----+--------+
         Total |   2613 |   2553 |     60 |     85 |   2081 |   4 |  653.2 |
       Dungeon |   2613 |   2553 |     60 |     85 |   2081 |   4 |  653.2 |
               +--------+--------+--------+--------+--------+-----+--------+

Top non-repeatable levels by time:
     D:1: 934 daAuts
     D:3: 911 daAuts
     D:2: 721 daAuts
     D:4: 47 daAuts
